 Dungeon Crawl Stone Soup version 0.30-a0-1035-g38d5fb2972 (webtiles) character file.

Game seed: 4454274986309463309

112 cdice the Slasher (level 4, -1/38 HPs)
             Began as a Draconian Reaver on Apr 9, 2023.
             Killed from afar by Sigmund (6 damage)
             ... with a puff of flame
             ... on level 2 of the Dungeon.
             The game lasted 00:02:35 (1478 turns).

cdice the Slasher (Draconian Reaver)                Turns: 1478, Time: 00:02:36

Health: -1/38      AC:  5    Str: 14    XL:     4   Next: 63%
Magic:  7/7        EV: 12    Int: 16    God:
Gold:   40         SH:  0    Dex:  9    Spells: 6/7 levels left

rFire   . . .      SeeInvis .    a - +0 falchion
rCold   . . .      Faith    .    (no shield)
rNeg    . . .      Spirit   .    (body armour unavailable)
rPois   .          Reflect  .    (helmet restricted)
rElec   .          Rampage  .    (no cloak)
rCorr   .                        (no gloves)
Will    .....                    (no boots)
Stlth   +                        (no amulet)
HPRegen 0.26/turn                (no ring)
MPRegen 0.10/turn                (no ring)

@: no status effects
A: AC +5, unfitting armour, cold-blooded
a: no special abilities


You were on level 2 of the Dungeon.
You visited 1 branch of the dungeon, and saw 3 of its levels.

You collected 40 gold pieces.

Inventory:

Hand Weapons
 a - a +0 falchion (weapon)
Scrolls
 c - a scroll of immolation {unknown}
 d - a scroll of fog {unknown}
Potions
 b - 2 potions of ambrosia {unknown}
 e - a potion of invisibility {unknown}
 f - a potion of resistance {unknown}
 g - 2 potions of curing {unknown}


   Skills:
 * Level 3.3 Fighting
 + Level 4.1 Long Blades
 + Level 2.4 Dodging
 + Level 0.2 Stealth
 + Level 2.0 Spellcasting
 + Level 3.3 Conjurations


You had 6 spell levels left.
You knew the following spells:

 Your Spells              Type           Power      Damage    Failure   Level
a - Kiss of Death         Conj/Necr      28%        2d7       11%         1

Your spell library contained the following spells:

 Spells                   Type           Power      Damage    Failure   Level
 Momentum Strike          Conj/Tloc      14%        3d8       16%         2
 Hailstorm                Conj/Ice       7%         3d4       30%         3


Dungeon Overview and Level Annotations

Branches:
Dungeon (3/15)

Altars:

Annotations:
D:2 Sigmund


Innate Abilities, Weirdness & Mutations

Your plain brown scales are hard. (AC +5)
You cannot fit into any form of body armour.
You are cold-blooded and may be slowed by cold attacks.


Message History

You hit the hobgoblin but do no damage.
The hobgoblin is almost dead.
The hobgoblin hits you.
You are too injured to fight recklessly!
You closely miss the hobgoblin.
The hobgoblin is almost dead.
The hobgoblin closely misses you.
You hit the hobgoblin.
You kill the hobgoblin!
You start resting.
HP restored.
You start waiting.
Done waiting.
There is a stone staircase leading up here.
You climb upwards.
Level annotation: Sigmund
There is a stone staircase leading down here.
No target in view!
Sigmund hits you from afar with a +2 vampiric scythe.
Sigmund hits you with a +2 vampiric scythe!
You hit Sigmund.
Sigmund is lightly wounded.
Sigmund hits you with a +2 vampiric scythe!
Sigmund draws strength from your wounds!
You closely miss Sigmund.
Sigmund is lightly wounded.
You hit Sigmund.
Sigmund is moderately wounded.
Sigmund mumbles some strange words.
Sigmund flickers and vanishes!
Deactivating autopickup; reactivate with Ctrl-A.
Something hits you but does no damage. Something hits you. Something hits you!
* * * LOW HITPOINT WARNING * * *
Something hits you.
* * * LOW HITPOINT WARNING * * *
A puff of flame appears from out of thin air!
The puff of flame hits you.
You die...

#.# #.#... #####.# #.#.#)
#.....# ######.#.#.
#.########..........
#...#.......[...#.#.
###.#.........#.#.#.
########.##.#####..#.#.#.
.........##.# #..#.#.#.
########@...# #..#.#.#.
###.#### #..†<#.#.
#....#######..###.#.
#....{..............
#...##..#....####.#.
#######......# #.#
##.....# #.# ##....## #.#
#.....# #.#


There were no monsters in sight!

Vanquished Creatures
  Natasha (twice) (D:2)
  2 adders (D:1)
  A worm (D:2)
  3 dart slugs (D:1)
  6 ball pythons
  A bat (D:1)
  4 endoplasms (D:1)
  A giant cockroach (D:1)
  3 goblins
  5 hobgoblins
  3 kobolds (D:1)
  A quokka (D:1)
  2 frilled lizards
  2 rats (D:1)
36 creatures vanquished.

Notes
Turn   | Place    | Note
-------+----------+-------------------------------------------
     0 | D:1      | cdice the Draconian Reaver began the quest for the Orb.
     0 | D:1      | Reached XP level 1. HP: 17/17 MP: 3/3
    83 | D:1      | Reached XP level 2. HP: 25/25 MP: 5/5
   665 | D:1      | Reached XP level 3. HP: 30/30 MP: 6/6
   758 | D:2      | Noticed Sigmund
   882 | D:2      | Noticed Natasha
   896 | D:2      | Killed Natasha
   897 | D:2      | Reached XP level 4. HP: 12/38 MP: 7/7
   911 | D:2      | Noticed Natasha
  1026 | D:2      | Killed Natasha
  1027 | D:2      | Reached skill level 4 in Long Blades
  1478 | D:2      | Killed from afar by Sigmund

Illustrated notes

Levels and vault maps discovered:
D:1:      mrwooster_arrival_statue, layout_basic
D:2:      layout_basic, serial_shops, shop_fountains, uniq_terence,
          uniq_sigmund, uniq_natasha
D:3:      layout_basic, ebering_ecumenical_altar_box

Skill      XL: |  1  2  3  4 |
---------------+-------------+-----
Dodging        | 2 |  2.4
Fighting       | 3 |  3.3
Long Blades    | 4 |  4.1
Stealth        | |  0.2
Spellcasting   | |  2.0
Conjurations   | |  3.3

Action                     |  1- 3 |  4- 6 || total
---------------------------+-------+-------++-------
  Melee: Falchion          |   115 |    41 ||   156
         Tailslap          |    11 |     3 ||    14
         Punch             |     1 |       ||     1
 Armour: Skin              |    55 |     8 ||    63
  Dodge: Dodged            |   124 |    19 ||   143

Table legend: (Time is in decaauts)
 A = Elapsed time spent in this place.
 B = Non-inter-level travel time spent in this place.
 C = Inter-level travel time spent in this place.
 D = Time resting spent in this place.
 E = Time spent auto-exploring this place.
 F = Levels seen in this place.
 G = Mean time per level.
                   A        B        C        D        E       F      G
               +--------+--------+--------+--------+--------+-----+--------+
         Total |   1520 |   1513 |      7 |    474 |    646 |   3 |  506.7 |
       Dungeon |   1520 |   1513 |      7 |    474 |    646 |   3 |  506.7 |
               +--------+--------+--------+--------+--------+-----+--------+

Top non-repeatable levels by time:
     D:1: 990 daAuts
     D:2: 351 daAuts
     D:3: 178 daAuts
